AoeStats
← BenitoCamela

Arabia

507828755Analyzed
2v2 RM · 13d ago on Sep 19, 2026· 41m 48s· 4 players
Game mode
Random Map
Map size
Medium (4 player)
Population
200
Speed
Normal
Resources
Standard
Victory
Conquest
Starting age
Dark Age
Ending age
Imperial Age
RankedLock teamsTeams togetherTeam positionsShared explorationLock speedFull tech treeHidden civsTurbo modeCheats
Victory
Defeat
🇵🇹 Aztecs · Portugal
898
+10
🇵🇹 Malians · Portugal
878
+10
🇮🇳 Bohemians · India
793
-11
🇦🇷 Britons · Argentina
711
-9
pussy noodles
11:58 Feudal Age
12:26 Loom
17:32 Horse Collar
18:07 Double-Bit Axe
22:56 Castle Age
41:19 Town Watch
41:59 Padded Archer Armor
BenitoCamela
9:57 Feudal Age
10:27 Double-Bit Axe
11:18 Wheelbarrow
26:48 Castle Age
24:44 Gold Mining
26:01 Stone Mining
25:54 Horse Collar
27:55 Hand Cart
27:49 Town Watch
27:45 Crossbowman
28:31 Padded Archer Armor
32:05 Fletching
33:34 Leather Archer Armor
35:15 Town Patrol
37:10 Bodkin Arrow
XpRt_Borraty
5:17 Loom
9:40 Feudal Age
11:06 Double-Bit Axe
21:00 Castle Age
19:36 Padded Archer Armor
21:28 Elite Skirmisher
22:25 Leather Archer Armor
23:12 Bow Saw
23:40 Wheelbarrow
24:11 Fletching
25:36 Sanctity
25:12 Town Watch
29:15 Bodkin Arrow
32:46 Imperial Age
30:43 Fervor
30:06 Pikeman
31:32 Hand Cart
31:04 Horse Collar
32:58 Ballistics
33:20 Atlatl
37:07 Squires
38:13 Bracer
38:31 Block Printing
39:23 Scale Mail Armor
39:33 Forging
39:55 Illumination
41:48 Chemistry
XpRt_R4Rus
4:20 Loom
10:23 Feudal Age
11:00 Man-at-Arms
12:30 Scale Mail Armor
20:05 Castle Age
20:20 Long Swordsman
21:08 Husbandry
21:25 Double-Bit Axe
21:34 Stone Mining
26:17 Forging
30:16 Gold Mining
32:21 Iron Casting
32:08 Pikeman
35:28 Gold Shaft Mining
40:52 Imperial Age
41:42 Capped Ram
Connection lost

Rejoining the realm…

Still unreachable

The connection could not be restored.

Session expired

The server has moved on; the page needs a fresh start.